cohdb
Replays
Latest Replays
All Replays
Popular Replays
Top Player Replays
Match Explorer
How It Works
Community
CoH3 Stats
Reddit
Sign in to upload your games and track your stats! →
Sign in with Steam
Match 43114360
Unlisted
Match 43114360
Overview
Messages
Build Orders
End
Engineer Squad
Construct Weapon Support Center
Selects Advanced Infantry Battlegroup
M1919 Machine Gun Team
Construct Barracks
Grenade Package
Mortar Pit
Selects Convert to Ranger Squad
Riflemen Squad
Bazooka Squad
Bazooka Squad
Improved M9 Bazooka Rockets
Infantry Support Center
Selects Frontline Medical Station
Frontline Medical Station
Munitions Surplus
M1918 Browning Automatic Rifles
Demolitions Package
Construct Motor Pool
Selects Ammunition Storage
Selects M2A1 105mm Howitzer Emplacement
Selects Free Fire Drills
Selects Free Fire Drills
M3 Armored Personnel Carrier
M8 Greyhound Armored Car
Selects Infantry Assault
M8 Greyhound Armored Car
Galdov
KenKo
Jd577
Nynx
Just Stalin You
Dancingdeer
Random
Rothan
0
0
Comments
sign in to comment!
No comments posted yet!